 Dungeon Crawl Stone Soup version 0.32-a0-999-gfa1cc04b1d (webtiles) character file.

Game seed: 11706991505388947259

46 Findleman the Trooper (level 3, 0/34 HPs)
             Began as a Minotaur Fighter on Apr 25, 2024.
             Succumbed to a gnoll's poison
             ... on level 1 of the Dungeon.
             The game lasted 00:00:50 (807 turns).

Findleman the Trooper (Minotaur Fighter)             Turns: 807, Time: 00:00:50

Health: 0/34       AC:  6    Str: 22    XL:     3   Next: 44%
Magic:  2/2        EV:  8    Int:  5    God:
Gold:   64         SH:  4    Dex:  9    Spells: 2/2 levels left

rFire   . . .        a - +0 war axe
rCold   . . .        c - +0 buckler
rNeg    . . .        b - +0 scale mail
rPois   .            (helmet restricted)
rElec   .            (no cloak)
rCorr   .            (no gloves)
SInv    .            (no boots)
Will    .....        (no amulet) Stlth
                     (no ring)
HPRegen 0.25/turn    (no ring)
MPRegen 0.08/turn

%: no passive effects
@: lethally poisoned (0 -> -10)
A: horns 2, retaliatory headbutt
a: no special abilities


You were on level 1 of the Dungeon.
You visited 1 branch of the dungeon, and saw 2 of its levels.

You collected 64 gold pieces.

Inventory:

Hand Weapons
 a - a +0 war axe (weapon)
Armour
 b - a +0 scale mail (worn)
 c - a +0 buckler (worn)
Jewellery
 e - a ring of flight
 i - a +4 ring of protection
Scrolls
 g - 2 scrolls of fear {unknown}
 h - a scroll of revelation {unknown}
Potions
 d - 2 potions of might
 f - a potion of brilliance {unknown}


   Skills:
 + Level 4.6 Fighting
 + Level 3.7 Axes
 - Level 3.6 Armour
 - Level 3.6 Shields


You had 2 spell levels left.
You didn't know any spells.
Your spell library contained the following spells:

 Spells                   Type           Power      Damage    Failure   Level
 Slow                     Hex            0%         N/A       86%         1
 Confusing Touch          Hex            0%         N/A       99%         3
 Vampiric Draining        Necr           0%         2d6       99%         3


Dungeon Overview and Level Annotations

Branches:
Dungeon (2/15)

Altars:


Innate Abilities, Weirdness & Mutations

You have a pair of horns on your head.
You reflexively headbutt those who attack you in melee.


Message History

You climb downwards.
The hobgoblin closely misses you.
There is a stone staircase leading up, spattered with blood here.
You closely miss the hobgoblin. Your headbutt misses the hobgoblin.
The hobgoblin hits you but does no damage.
The hobgoblin hits you. The gnoll hits you but does no damage.
You see here a +0 flail.
You barely miss the gnoll. You hit the hobgoblin.
You block the hobgoblin's attack. The gnoll closely misses you.
The hobgoblin closely misses you. You furiously retaliate!
You headbutt the hobgoblin. You hit the gnoll but do no damage.
You hit the hobgoblin but do no damage. You block the hobgoblin's attack.
You block the gnoll's attack. The gnoll closely misses you.
You hit the gnoll.
The gnoll is lightly wounded.
You closely miss the hobgoblin. The hobgoblin closely misses you.
You furiously retaliate!
You headbutt the hobgoblin, but do no damage.
You block the gnoll's attack. x2
You slash the gnoll! Your headbutt misses the gnoll.
The gnoll is almost dead.
You hit the hobgoblin.
You kill the hobgoblin!
The gnoll hits you with a +0 spear.
The gnoll hits you from afar with a +0 spear of venom.
You are poisoned.
The gnoll hits you from afar with a +0 spear of venom.
The gnoll hits you with a +0 spear.
You hit the gnoll but do no damage.
The gnoll is almost dead.
You feel very sick. The gnoll hits you but does no damage.
You block the gnoll's attack.
You feel sick. The gnoll hits you with a +0 spear.
There is a stone staircase leading up, spattered with blood here.
You feel sick. The gnoll hits you but does no damage.
You are lethally poisoned!
The gnoll hits you with a +0 spear.
* * * LOW HITPOINT WARNING * * *
You climb upwards.
You die...

#########.# #####.# #.........#
#...... #.#######)# #.###.# #.#
#.# #.# #.# #.#######.# #.# #..
#########.........# ##.#####
..............###.# ####.....#
≈.≈≈≈≈≈.≈§≈≈≈.###g#####.....##.#
§.≈###≈.≈###≈.#.@.##..P.P....#P#
≈.§# #§.≈# #≈.#.#.##P......P.#P#
≈.≈###≈.≈###§.#.#......~P...#..#
≈.§§≈≈≈.§≈≈≈≈.#.#.#.PP...⌠~.#P.#
...§.......§§.....##...⌠⌠...#..#
≈.§≈≈≈≈.≈≈≈≈≈.#.####..[.~.P.#..#
≈.≈###≈.≈###≈.#.# #..#..#.#PP.##
≈.≈# #≈.≈# #≈...# #..#..#_#.PP.#
§§§###≈.≈###≈§..# #..######.P..#


You could see a gnoll.

Vanquished Creatures
  A gnoll (D:2)
  An adder (D:2)
  A dart slug (D:1)
  A ball python (D:1)
  2 bats (D:1)
  An endoplasm (D:1)
  A giant cockroach (D:1)
  8 goblins
  2 hobgoblins
  A kobold (D:1)
  2 frilled lizards (D:1)
  4 rats (D:1)
25 creatures vanquished.

Notes
Turn   | Place    | Note
-------+----------+-------------------------------------------
     0 | D:1      | Findleman the Minotaur Fighter began the quest for the Orb.
     0 | D:1      | Reached XP level 1. HP: 19/19 MP: 0/0
   207 | D:1      | Reached skill level 4 in Fighting
   207 | D:1      | Reached XP level 2. HP: 26/27 MP: 1/1
   440 | D:1      | Found a faded altar of an unknown god.
   664 | D:2      | Reached XP level 3. HP: 19/34 MP: 2/2
   807 | D:1      | Succumbed to a gnoll's poison

Illustrated notes

Levels and vault maps discovered:
D:1:      nzn_arrival_depleted_hourglass, layout_loops_ring,
          shapermc_ecumenical_altar_mp_ritualfount, kennysheep_boxes
D:2:      minmay_wonky_spiral, layout_rooms, nicolae_half_adder

Skill      XL: |  1  2 |
---------------+-------+-----
Fighting       | 4 |  4.6
Axes           | 3 |  3.7
Armour         | |  3.6
Shields        | |  3.6

Action                     || total
---------------------------++-------
  Melee: War axe           ||    46
         Headbutt          ||     4
 Armour: Scale mail        ||    42
  Dodge: Dodged            ||    21
  Block: Buckler           ||    14

Table legend: (Time is in decaauts)
 A = Elapsed time spent in this place.
 B = Non-inter-level travel time spent in this place.
 C = Inter-level travel time spent in this place.
 D = Time resting spent in this place.
 E = Time spent auto-exploring this place.
 F = Levels seen in this place.
 G = Mean time per level.
                   A        B        C        D        E       F      G
               +--------+--------+--------+--------+--------+-----+--------+
         Total |    825 |    806 |     19 |    119 |    545 |   2 |  412.5 |
       Dungeon |    825 |    806 |     19 |    119 |    545 |   2 |  412.5 |
               +--------+--------+--------+--------+--------+-----+--------+

Top non-repeatable levels by time:
     D:1: 793 daAuts
     D:2: 32 daAuts
